 Dungeon Crawl Stone Soup version 0.27.0-65-ge2af304b15 (webtiles) character file.

Game seed: 5116228145961372298

235 Crownlay the Cleaver (level 6, -7/51 HPs)
             Began as a Hill Orc Fighter on Aug 18, 2021.
             Mangled by an unseen horror (9 damage)
             ... on level 7 of the Dungeon.
             The game lasted 00:03:53 (3080 turns).

Crownlay the Cleaver (Hill Orc Fighter)             Turns: 3080, Time: 00:03:53

Health: -7/51      AC: 11    Str: 21    XL:     6   Next: 5%
Magic:  6/6        EV:  9    Int:  8    God:
Gold:   88         SH:  0    Dex: 10    Spells: 5/5 levels left

rFire    . . .     SeeInvis .   a - +0 war axe
rCold    . . .     Faith    .   (no shield)
rNeg     . . .     Spirit   .   b - +0 scale mail
rPois    .         Reflect  .   n - +2 helmet
rElec    .         Harm     .   o - +0 cloak
rCorr    .         Rampage  .   (no gloves)
Will     .....                  (no boots)
Stlth    ..........             (no amulet)
HPRegen  0.17/turn              (no ring)
MPRegen  0.10/turn              (no ring)

@: no status effects
A: no striking features
a: no special abilities


You were on level 7 of the Dungeon.
You visited 1 branch of the dungeon, and saw 5 of its levels.

You collected 88 gold pieces.

Inventory:

Hand Weapons
 a - a +0 war axe (weapon)
Armour
 b - a +0 scale mail (worn)
 c - a +0 kite shield
 n - a +2 helmet (worn)
 o - a +0 cloak (worn)
Scrolls
 e - a scroll of enchant armour {unknown}
 f - a scroll of identify {unknown}
 g - 3 scrolls of teleportation {unknown}
 j - a scroll of noise {unknown}
 k - a scroll of amnesia {unknown}
 l - a scroll of magic mapping {unknown}
 m - a scroll of fear {unknown}
Potions
 d - a potion of might
 h - a potion of curing
 i - a potion of cancellation {unknown}


   Skills:
 - Level 3.6 Fighting
 + Level 8.1 Axes
 - Level 3.2 Armour
 - Level 3.2 Shields


You had 5 spell levels left.
You didn't know any spells.
Your spell library contained the following spells:

 Spells                   Type           Power      Damage    Failure   Level
 Corona                   Hex            0%         N/A       75%         1
 Ensorcelled Hibernation  Hex/Ice        0%         N/A       87%         2
 Ozocubu's Armour         Ice            0%         N/A       98%         3
 Tukima's Dance           Hex            0%         N/A       98%         3
 Airstrike                Air            0%         N/A       100%        4
 Summon Lightning Spire   Summ/Air       0%         N/A       100%        4
 Lightning Bolt           Conj/Air       0%         1d11      100%        5
 Metabolic Englaciation   Hex/Ice        0%         N/A       100%        5
 Simulacrum               Ice/Necr       0%         N/A       100%        6


Dungeon Overview and Level Annotations

Branches:
Dungeon (4/15)
 Temple: D:4-7

Altars:
Uskayaw

Shops:
D:7 *


Message History

Something hits you but does no damage. Something hits you. Something hits you!
You slash the water moccasin skeleton!
The water moccasin skeleton is moderately damaged.
Something hits you. The water moccasin skeleton bites you.
You barely miss the water moccasin skeleton.
The water moccasin skeleton is moderately damaged.
You miss something. Something hits you! The water moccasin skeleton bites you.
You barely miss the water moccasin skeleton.
The water moccasin skeleton is moderately damaged.
You closely miss something. Something hits you but does no damage.
The water moccasin skeleton barely misses you.
The water moccasin skeleton bites you.
* * * LOW HITPOINT WARNING * * *
You slash the water moccasin skeleton!
The water moccasin skeleton is severely damaged.
Something hits you.
* * * LOW HITPOINT WARNING * * *
The water moccasin skeleton closely misses you.
You slash the water moccasin skeleton!
You destroy the water moccasin skeleton!
Something hits you but does no damage. Something hits you.
* * * LOW HITPOINT WARNING * * *
Your Axes skill increases to level 8!
You have reached level 6!
Your experience leads to an increase in your attributes!
Increase (S)trength, (I)ntelligence, or (D)exterity?
You feel stronger.
It was a potion of curing.
You feel better. Something completely misses you.
Something hits you but does no damage. Something hits you.
* * * LOW HITPOINT WARNING * * *
Something hits you but does no damage.
You hit something. Something hits you.
* * * LOW HITPOINT WARNING * * *
Something hits you!
* * * LOW HITPOINT WARNING * * *
Something hits you!
You die...

#..###.##......≈≈∩...#
#...##.........≈≈≈≈≈##.
##....#..........≈≈≈....
#............).......#..
#.......................
##.##.......#...###.=#.(
####.......#..## #
#........#.#
##.....@#### #...#.##
#######


There were no monsters in sight!

Vanquished Creatures
  A water moccasin skeleton (D:7)
  Crazy Yiuf (D:3)
  Robin (D:3)
  3 gnolls (D:2)
  4 adders
  3 dart slugs
  An orc (D:3)
  5 endoplasms
  9 goblins
  5 hobgoblins
  12 jackals
  6 kobolds
  2 quokkas (D:2)
  3 ball pythons (D:1)
  4 bats
  4 frilled lizards
  21 rats
85 creatures vanquished.

Notes
Turn   | Place    | Note
-------+----------+-------------------------------------------
     0 | D:1      | Crownlay the Hill Orc Fighter began the quest for the Orb.
     0 | D:1      | Reached XP level 1. HP: 19/19 MP: 1/1
    46 | D:1      | Reached skill level 3 in Axes
    85 | D:1      | Reached XP level 2. HP: 26/26 MP: 2/2
   138 | D:1      | Found a faded altar of an unknown god.
   184 | D:1      | Reached skill level 4 in Axes
   688 | D:2      | Reached XP level 3. HP: 26/31 MP: 3/3
   816 | D:2      | Reached skill level 5 in Axes
  1169 | D:2      | Reached XP level 4. HP: 34/39 MP: 4/4
  1439 | D:2      | Reached skill level 6 in Axes
  1941 | D:3      | Reached XP level 5. HP: 45/45 MP: 5/5
  2117 | D:3      | Found a runed translucent door.
  2118 | D:3      | Noticed Crazy Yiuf
  2218 | D:3      | Noticed a +0 hand axe
  2218 | D:3      | Noticed a +0 hand axe
  2221 | D:3      | Found a hide-covered altar of Uskayaw.
  2602 | D:3      | Noticed Robin
  2609 | D:3      | Reached skill level 7 in Axes
  2616 | D:3      | Killed Robin
  2879 | D:3      | Killed Crazy Yiuf
  3042 | D:4      | You fall into a shaft and drop 3 floors!
  3058 | D:7      | Found Afutazaj's General Store.
  3073 | D:7      | Reached skill level 8 in Axes
  3073 | D:7      | Reached XP level 6. HP: 6/51 MP: 6/6
  3079 | D:7      | HP: 2/51 [something (9)]
  3080 | D:7      | Mangled by an unseen horror

Illustrated notes

Levels and vault maps discovered:
D:1:      giann_bridges, layout_basic, shapermc_ecumenical_altar_gd,
          minmay_tripent
D:2:      layout_basic, minmay_fountain_box, minmay_rat_hole
D:3:      layout_loops_cross, dancing_weapons_uskayaw, uniq_robin,
          uniq_crazy_yiuf_cottage
D:4:      layout_gridville, nicolae_hepliaklqana_hazy_memory,
          mainiacjoe_overflow_surrounded_room, minmay_temple_entry_butterflies,
          roderic_lattice_a, uniq_grinder
D:7:      layout_cave_pools, nicolae_dithmenos_shadow_blocks,
          nicolae_gozag_cash_rules_everything_around_me, serial_shops,
          nicolae_shop_waterfront

Skill      XL: |  1  2  3  4  5 |
---------------+----------------+-----
Axes           | 3 4 5 6 8 |  8.1
Fighting       | |  3.6
Armour         | |  3.2
Shields        | |  3.2

Action                   |  1- 3 |  4- 6 || total
-------------------------+-------+-------++-------
Melee: War axe           |   100 |   121 ||   221
  Use: Potion            |       |     1 ||     1
Armor: Scale mail        |    51 |    82 ||   133
Dodge: Dodged            |    45 |    64 ||   109
Block: Kite shield       |    73 |     4 ||    77
